| TOP OF THE 1ST |
|
Amarillo ThunderHeads batting - Pitching for Portland Angels : LHP Randy Boutilier
|
|
Pitching: LHP Randy Boutilier
|
|
|
Batting: LHB Eddie Reyes
|
0-0: Ball 1-0: Called Strike 1-1: Ball 2-1: Ball 3-1: Base on Balls
|
|
Batting: RHB Ron Squires
|
0-0: Ball 1-0: Ball Eddie Reyes steals 2nd base 2-0: Ball 3-0: Base on Balls
|
|
Batting: RHB Jerry Foster
|
0-0: Ball 1-0: Foul Ball, location: 2F 1-1: Ball 2-1: Called Strike 2-2: Fly out, F8 (Flyball, 8LD, EV 100.6 MPH)
|
|
Batting: RHB Elias Sagrero
|
0-0: Ball Eddie Reyes steals 3rd, throwing error, E2 Eddie Reyes scores Ron Squires to third 1-0: Called Strike 1-1: Foul Ball, location: 2F 1-2: Ball Wild Pitch! Ron Squires scores 2-2: Ball 3-2: TRIPLE (Flyball, 89XD, EV 96.9 MPH)
|
|
Batting: LHB Santino Pisanello
|
0-0: Ball 1-0: Ball 2-0: Foul Ball, location: 2F 2-1: Ball 3-1: SINGLE (Line Drive, 8LS, EV 106.9 MPH) Elias Sagrero scores
|
|
Batting: RHB Bill Flannery
|
0-0: Grounds into double play, 4-6-3 (Groundball, 4, EV 84.4 MPH)
|
| Top of the 1st over - 3 runs, 2 hits, 1 error, 0 left on base; Amarillo 3 - Portland 0 |
| BOTTOM OF THE 1ST |
|
Portland Angels batting - Pitching for Amarillo ThunderHeads : RHP Marty Nelson
|
|
Pitching: RHP Marty Nelson
|
|
|
Batting: RHB Trevor Kingston
|
0-0: Called Strike 0-1: SOLO HOME RUN (Flyball, 89XD, EV 113.1 MPH), Distance : 407 ft
|
|
Batting: RHB Rory Cobb
|
0-0: Ball 1-0: SINGLE (Flyball, 9LS, EV 97.5 MPH)
|
|
Batting: LHB Ramon Garduno
|
0-0: Called Strike 0-1: Ball 1-1: Fly out, F8 (Line Drive, 8RD, EV 85.6 MPH)
|
|
Batting: RHB Dan Myers
|
0-0: Ball 1-0: Called Strike 1-1: Ball 2-1: Ball 3-1: Called Strike 3-2: Foul Ball, location: 2F 3-2: Foul Ball, location: 2F 3-2: Base on Balls Rory Cobb to second
|
|
Batting: RHB Dan Thomey
|
0-0: Ball 1-0: Ball 2-0: Ball Wild Pitch! Rory Cobb to third Dan Myers to second 3-0: Base on Balls
|
|
Batting: SHB Danny Gelinas
|
0-0: Ball 1-0: Ball 2-0: Grounds into double play, 4-6-3 (Groundball, 34D, EV 103.1 MPH)
|
| Bottom of the 1st over - 1 run, 2 hits, 0 errors, 2 left on base; Amarillo 3 - Portland 1 |
| TOP OF THE 2ND |
|
Amarillo ThunderHeads batting - Pitching for Portland Angels : LHP Randy Boutilier
|
|
Batting: RHB Sam Voss
|
0-0: Ball 1-0: Ball 2-0: Ball 3-0: Called Strike 3-1: Base on Balls
|
|
Batting: RHB Josh Shoemaker
|
0-0: Foul Ball, location: 2F 0-1: Ball 1-1: Called Strike 1-2: Ball 2-2: Ball 3-2: Strikes out swinging Sam Voss steals 2nd base (no throw) Batter strikes out.
|
|
Batting: SHB Tyler Romo
|
0-0: Called Strike 0-1: Ball 1-1: Ball 2-1: 2-RUN HOME RUN (Flyball, 7D, EV 92.5 MPH), Distance : 341 ft
|
|
Batting: LHB Eddie Reyes
|
0-0: SINGLE (Line Drive, 78S, EV 104.4 MPH)
|
|
Batting: RHB Ron Squires
|
0-0: Ball Eddie Reyes is caught stealing 2nd base 2-4 1-0: Ball 2-0: Fly out, F9 (Flyball, 9D, EV 105.6 MPH)
|
| Top of the 2nd over - 2 runs, 2 hits, 0 errors, 0 left on base; Amarillo 5 - Portland 1 |
| BOTTOM OF THE 2ND |
|
Portland Angels batting - Pitching for Amarillo ThunderHeads : RHP Marty Nelson
|
|
Batting: LHB Bill Girton
|
0-0: Ball 1-0: Ground out 6-3 (Groundball, 6, EV 85.0 MPH)
|
|
Batting: RHB Carlos Gonzales
|
0-0: Called Strike 0-1: Foul Ball, location: 2F 0-2: Strikes out swinging
|
|
Batting: RHB Mario Martinez
|
0-0: Foul Ball, location: 2F 0-1: Swinging Strike 0-2: Ball 1-2: Strikes out looking
|
| Bottom of the 2nd over - 0 runs, 0 hits, 0 errors, 0 left on base; Amarillo 5 - Portland 1 |
| TOP OF THE 3RD |
|
Amarillo ThunderHeads batting - Pitching for Portland Angels : LHP Randy Boutilier
|
|
Batting: RHB Jerry Foster
|
0-0: Ball 1-0: Ball 2-0: Called Strike 2-1: Swinging Strike 2-2: Ball 3-2: Base on Balls
|
|
Batting: RHB Elias Sagrero
|
0-0: Ball 1-0: Called Strike 1-1: Ball 2-1: Ball 3-1: Swinging Strike Pickoff Throw to First - Out! 1-3 3-2: Strikes out looking
|
|
Batting: LHB Santino Pisanello
|
0-0: Called Strike 0-1: Foul Ball, location: 2F 0-2: Foul Ball, location: 2F 0-2: Strikes out swinging
|
| Top of the 3rd over - 0 runs, 0 hits, 0 errors, 0 left on base; Amarillo 5 - Portland 1 |
| BOTTOM OF THE 3RD |
|
Portland Angels batting - Pitching for Amarillo ThunderHeads : RHP Marty Nelson
|
|
Batting: RHB Trevor Kingston
|
0-0: Called Strike 0-1: Ball 1-1: Foul Ball, location: 2F 1-2: Ball 2-2: Ball 3-2: Base on Balls
|
|
Batting: RHB Rory Cobb
|
0-0: Ball 1-0: Swinging Strike 1-1: Ball 2-1: Fly out, F8 (Flyball, 8RD, EV 78.1 MPH)
|
|
Batting: LHB Ramon Garduno
|
0-0: Foul Ball, location: 2F 0-1: Ball 1-1: Swinging Strike 1-2: Foul Ball, location: 2F 1-2: SINGLE (Groundball, 56D, EV 107.5 MPH) Trevor Kingston to second
|
|
Batting: RHB Dan Myers
|
0-0: Ball 1-0: Swinging Strike 1-1: DOUBLE (Flyball, 89XD, EV 104.4 MPH) Trevor Kingston scores Ramon Garduno to third
|
|
Batting: RHB Dan Thomey
|
0-0: Ball 1-0: Called Strike 1-1: Swinging Strike Passed Ball! Ramon Garduno scores Dan Myers to third 1-2: Strikes out looking
|
|
Batting: SHB Danny Gelinas
|
0-0: Ball 1-0: TRIPLE (Line Drive, 7D, EV 112.5 MPH) Dan Myers scores
|
|
Batting: LHB Bill Girton
|
0-0: Ball 1-0: Ball 2-0: SINGLE (Line Drive, 78S, EV 95.6 MPH) Danny Gelinas scores
|
|
Pitching: RHP Javier Chavez
|
|
|
Batting: RHB Carlos Gonzales
|
0-0: Ball 1-0: Swinging Strike 1-1: Swinging Strike 1-2: Foul Ball, location: 2F 1-2: Ball 2-2: Fly out, F3 (Popup, 3L, EV 73.8 MPH)
|
| Bottom of the 3rd over - 4 runs, 4 hits, 0 errors, 1 left on base; Amarillo 5 - Portland 5 |
| TOP OF THE 4TH |
|
Amarillo ThunderHeads batting - Pitching for Portland Angels : LHP Randy Boutilier
|
|
Batting: RHB Bill Flannery
|
0-0: Ball 1-0: Ball 2-0: Called Strike 2-1: Called Strike 2-2: Fly out, F4 (Line Drive, 4MD, EV 65.0 MPH)
|
|
Batting: RHB Sam Voss
|
0-0: Ball 1-0: Fly out, F7 (Flyball, 7, EV 90.6 MPH)
|
|
Batting: RHB Josh Shoemaker
|
0-0: Called Strike 0-1: Ball 1-1: Foul Ball, location: 2F 1-2: Strikes out swinging
|
| Top of the 4th over - 0 runs, 0 hits, 0 errors, 0 left on base; Amarillo 5 - Portland 5 |
| BOTTOM OF THE 4TH |
|
Portland Angels batting - Pitching for Amarillo ThunderHeads : RHP Javier Chavez
|
|
Batting: RHB Mario Martinez
|
0-0: Swinging Strike 0-1: SINGLE (Groundball, 56, EV 99.4 MPH) (infield hit)
|
|
Batting: RHB Trevor Kingston
|
0-0: Swinging Strike Mario Martinez is caught stealing 2nd base 2-4 0-1: Ball 1-1: Ball 2-1: Swinging Strike 2-2: Foul Ball, location: 2F 2-2: Ball 3-2: Strikes out looking
|
|
Pitching: RHP Erik Myers
|
|
|
Batting: RHB Rory Cobb
|
0-0: Called Strike 0-1: Ground out 5-3 (Groundball, 56, EV 78.8 MPH)
|
| Bottom of the 4th over - 0 runs, 1 hit, 0 errors, 0 left on base; Amarillo 5 - Portland 5 |
| TOP OF THE 5TH |
|
Amarillo ThunderHeads batting - Pitching for Portland Angels : LHP Randy Boutilier
|
|
Batting: SHB Tyler Romo
|
0-0: Called Strike 0-1: Foul Ball, location: 2F 0-2: Strikes out swinging
|
|
Batting: LHB Eddie Reyes
|
0-0: Foul Ball, location: 2F 0-1: Ball 1-1: Called Strike 1-2: Foul Ball, location: 2F 1-2: Strikes out swinging
|
|
Batting: RHB Ron Squires
|
0-0: Ball 1-0: Ball 2-0: Ball 3-0: Called Strike 3-1: Fly out, F4 (Line Drive, 4D, EV 66.9 MPH)
|
| Top of the 5th over - 0 runs, 0 hits, 0 errors, 0 left on base; Amarillo 5 - Portland 5 |
| BOTTOM OF THE 5TH |
|
Portland Angels batting - Pitching for Amarillo ThunderHeads : RHP Erik Myers
|
|
Batting: LHB Ramon Garduno
|
0-0: Ball 1-0: Swinging Strike 1-1: Foul Ball, location: 2F 1-2: Foul Ball, location: 2F 1-2: Foul Ball, location: 2F 1-2: Ball 2-2: Ball 3-2: Foul Ball, location: 2F 3-2: TRIPLE (Flyball, 9D, EV 101.9 MPH)
|
|
Batting: RHB Dan Myers
|
0-0: Ball 1-0: Ball 2-0: Called Strike 2-1: Ball 3-1: 2-RUN HOME RUN (Line Drive, 9LD, EV 93.8 MPH), Distance : 344 ft
|
|
Batting: RHB Dan Thomey
|
0-0: Ball 1-0: Swinging Strike 1-1: Ball 2-1: Foul Ball, location: 2F 2-2: Ball 3-2: Strikes out swinging
|
|
Batting: SHB Danny Gelinas
|
0-0: Ball 1-0: Ball 2-0: Swinging Strike 2-1: Fly out, F9 (Flyball, 9, EV 95.6 MPH)
|
|
Batting: LHB Bill Girton
|
0-0: Called Strike 0-1: Swinging Strike 0-2: Ball 1-2: Ball 2-2: Ball 3-2: Foul Ball, location: 2F 3-2: Foul Ball, location: 2F 3-2: Foul Ball, location: 2F 3-2: Base on Balls
|
|
Batting: RHB Carlos Gonzales
|
0-0: Called Strike 0-1: Ball 1-1: Ball Bill Girton is caught stealing 2nd base 2-4
|
| Bottom of the 5th over - 2 runs, 2 hits, 0 errors, 0 left on base; Amarillo 5 - Portland 7 |
| TOP OF THE 6TH |
|
Amarillo ThunderHeads batting - Pitching for Portland Angels : LHP Randy Boutilier
|
|
Batting: RHB Jerry Foster
|
0-0: Foul Ball, location: 2F 0-1: Ball 1-1: Ball 2-1: SOLO HOME RUN (Flyball, 8RXD, EV 107.5 MPH), Distance : 421 ft
|
|
Batting: RHB Elias Sagrero
|
0-0: Ball 1-0: Ball 2-0: Ball 3-0: Base on Balls
|
|
Batting: LHB Santino Pisanello
|
0-0: Ball 1-0: Ball Elias Sagrero steals 2nd base 2-0: SINGLE (Line Drive, 78M, EV 101.2 MPH) Elias Sagrero to third
|
|
Batting: RHB Bill Flannery
|
0-0: Foul Ball, location: 2F 0-1: Ball 1-1: Foul Ball, location: 2F 1-2: DOUBLE (Line Drive, 78D, EV 105.6 MPH) Elias Sagrero scores Santino Pisanello to third Runner from 3rd tries for Home, SAFE, throw by LF to home
|
|
Pitching: RHP Javier Carrasco
|
|
|
Batting: RHB Sam Voss
|
0-0: Ball 1-0: Called Strike 1-1: Ball 2-1: Foul Ball, location: 2F 2-2: Ground out 6-3 (Groundball, 6, EV 82.5 MPH)
|
|
Batting: RHB Josh Shoemaker
|
0-0: Foul Ball, location: 2F 0-1: Called Strike 0-2: Ball 1-2: Foul Ball, location: 2F 1-2: Ball 2-2: Ball 3-2: SINGLE (Groundball, 56D, EV 98.8 MPH) Bill Flannery to third Runner from 3rd tries for Home, SAFE, throw by LF to home Josh Shoemaker to second
|
|
Batting: SHB Tyler Romo
|
0-0: Foul Ball, location: 2F 0-1: Foul Ball, location: 2F 0-2: Ball 1-2: SINGLE (Line Drive, 56D, EV 99.4 MPH) Josh Shoemaker to third
|
|
Batting: LHB Eddie Reyes
|
0-0: Ball 1-0: Ball 2-0: Ball 3-0: Called Strike 3-1: Foul Ball, location: 2F 3-2: Foul Ball, location: 2F 3-2: Base on Balls Tyler Romo to second
|
|
Batting: RHB Ron Squires
|
0-0: Ball Passed Ball! Josh Shoemaker scores Tyler Romo to third Eddie Reyes to second 1-0: Ball 2-0: Ball 3-0: Called Strike 3-1: SINGLE (Groundball, 56, EV 106.9 MPH) Tyler Romo scores Eddie Reyes to third
|
|
Batting: RHB Jerry Foster
|
0-0: Called Strike 0-1: Ball 1-1: Ball 2-1: Ball 3-1: SINGLE (Groundball, 6M, EV 109.4 MPH) (infield hit) Eddie Reyes scores Ron Squires to second
|
|
Batting: RHB Elias Sagrero
|
0-0: Ball Wild Pitch! Ron Squires to third Jerry Foster to second 1-0: Ball 2-0: Ball 3-0: Base on Balls
|
|
Batting: LHB Santino Pisanello
|
0-0: Fly out, F8 (Flyball, 8RD, EV 96.2 MPH) Runner from 3rd tags up, SCORES, throw by CF
|
|
Batting: RHB Bill Flannery
|
0-0: Called Strike 0-1: Ball 1-1: Ball 2-1: Ball Passed Ball! Jerry Foster to third Elias Sagrero to second 3-1: Base on Balls
|
|
Batting: RHB Sam Voss
|
0-0: Called Strike 0-1: GRAND SLAM HOME RUN (Flyball, 8RXD, EV 104.4 MPH), Distance : 422 ft
|
|
Pitching: RHP Carlos Olbera
|
|
|
Batting: RHB Josh Shoemaker
|
0-0: Called Strike 0-1: Ball 1-1: Foul Ball, location: 2F 1-2: Foul Ball, location: 2F 1-2: Ball 2-2: Foul Ball, location: 2F 2-2: Foul Ball, location: 2F 2-2: Foul Ball, location: 2F 2-2: Foul Ball, location: 2F 2-2: Foul Ball, location: 2F 2-2: Ball 3-2: Base on Balls
|
|
Batting: SHB Tyler Romo
|
0-0: Ball 1-0: TRIPLE (Line Drive, 89XD, EV 105.6 MPH) Josh Shoemaker scores
|
|
Batting: LHB Eddie Reyes
|
0-0: Swinging Strike 0-1: Ball 1-1: Swinging Strike 1-2: Foul Ball, location: 2F 1-2: Ball 2-2: Strikes out looking
|
| Top of the 6th over - 13 runs, 9 hits, 0 errors, 1 left on base; Amarillo 18 - Portland 7 |
| BOTTOM OF THE 6TH |
|
Portland Angels batting - Pitching for Amarillo ThunderHeads : RHP Erik Myers
|
|
Batting: RHB Carlos Gonzales
|
0-0: Swinging Strike 0-1: Called Strike 0-2: Foul Ball, location: 2F 0-2: Ball 1-2: Ball 2-2: Ball 3-2: Foul Ball, location: 2F 3-2: Base on Balls
|
|
Pitching: RHP Jorge Burruel
|
|
|
Batting: RHB Mario Martinez
|
0-0: Ball 1-0: Foul Ball, location: 2F 1-1: Foul Ball, location: 2F 1-2: Strikes out swinging
|
|
Batting: RHB Trevor Kingston
|
0-0: Called Strike 0-1: Foul Ball, location: 2F 0-2: Ball 1-2: Strikes out swinging Carlos Gonzales is caught stealing 2nd base 2-4 Batter strikes out.
|
| Bottom of the 6th over - 0 runs, 0 hits, 0 errors, 0 left on base; Amarillo 18 - Portland 7 |
| TOP OF THE 7TH |
|
Amarillo ThunderHeads batting - Pitching for Portland Angels : RHP Carlos Olbera
|
|
Batting: RHB Ron Squires
|
0-0: Called Strike 0-1: Foul Ball, location: 2F 0-2: Ball 1-2: Ball 2-2: SOLO HOME RUN (Flyball, 9LD, EV 94.4 MPH), Distance : 355 ft
|
|
Batting: RHB Jerry Foster
|
0-0: Swinging Strike 0-1: Ball 1-1: Called Strike 1-2: Ground out 6-3 (Groundball, 6, EV 84.4 MPH)
|
|
Batting: RHB Elias Sagrero
|
0-0: Foul Ball, location: 2F 0-1: Ball 1-1: Ball 2-1: Swinging Strike 2-2: Strikes out swinging
|
|
Batting: RHB Eric Camillo
|
0-0: Foul Ball, location: 2F 0-1: Ball 1-1: Foul Ball, location: 2F 1-2: Ball 2-2: Ball 3-2: Fly out, F7 (Flyball, 7LS, EV 85.6 MPH)
|
| Top of the 7th over - 1 run, 1 hit, 0 errors, 0 left on base; Amarillo 19 - Portland 7 |
| BOTTOM OF THE 7TH |
|
Portland Angels batting - Pitching for Amarillo ThunderHeads : RHP Jorge Burruel
|
|
Pinch Hitting: RHB Aaron Bryant
|
0-0: Ball 1-0: Ball 2-0: Called Strike 2-1: Ball 3-1: Called Strike 3-2: Strikes out swinging
|
|
Batting: LHB Ramon Garduno
|
0-0: Called Strike 0-1: Ball 1-1: Ball 2-1: SINGLE (Groundball, 4MD, EV 98.8 MPH)
|
|
Batting: RHB Dan Myers
|
0-0: Ball 1-0: Foul Ball, location: 2F 1-1: Foul Ball, location: 2F 1-2: Ball 2-2: Fielders Choice at 2nd, 3-6 (Groundball, 34D, EV 109.4 MPH)
|
|
Batting: RHB Dan Thomey
|
0-0: Ball Dan Myers steals 2nd base (no throw) 1-0: Ground out 4-3 (Groundball, 4MD, EV 100.0 MPH)
|
| Bottom of the 7th over - 0 runs, 1 hit, 0 errors, 1 left on base; Amarillo 19 - Portland 7 |
| TOP OF THE 8TH |
|
Amarillo ThunderHeads batting - Pitching for Portland Angels : RHP Carlos Olbera
|
|
Now in RF: Aaron Bryant
|
|
|
Batting: RHB Bill Flannery
|
0-0: Called Strike 0-1: Ball 1-1: Ball 2-1: SOLO HOME RUN (Flyball, 78XD, EV 95.6 MPH), Distance : 366 ft
|
|
Batting: RHB Sam Voss
|
0-0: Ball 1-0: Ball 2-0: Foul Ball, location: 2F 2-1: Foul Ball, location: 2F 2-2: Ground out U3 (Groundball, 34, EV 86.9 MPH)
|
|
Batting: RHB Josh Shoemaker
|
0-0: Ball 1-0: Ball 2-0: Foul Ball, location: 2F 2-1: Fly out, F8 (Line Drive, 8LD, EV 91.9 MPH)
|
|
Batting: SHB Tyler Romo
|
0-0: Ground out 4-3 (Groundball, 4S, EV 73.8 MPH)
|
| Top of the 8th over - 1 run, 1 hit, 0 errors, 0 left on base; Amarillo 20 - Portland 7 |
| BOTTOM OF THE 8TH |
|
Portland Angels batting - Pitching for Amarillo ThunderHeads : RHP Jorge Burruel
|
|
Batting: SHB Danny Gelinas
|
0-0: Ball 1-0: Foul Ball, location: 2F 1-1: Ball 2-1: Ground out 4-3 (Groundball, 4, EV 89.4 MPH)
|
|
Batting: LHB Bill Girton
|
0-0: Called Strike 0-1: Foul Ball, location: 2F 0-2: Ground out 1-3 (Groundball, 13S, EV 68.8 MPH)
|
|
Pinch Hitting: RHB Daniel Molina
|
0-0: Ball 1-0: SINGLE (Groundball, 34S, EV 71.2 MPH) (infield hit)
|
|
Pinch Hitting: RHB Sean Rocha
|
0-0: Called Strike 0-1: Foul Ball, location: 2F 0-2: Foul Ball, location: 2F 0-2: Ball 1-2: Ball 2-2: Ball 3-2: Foul Ball, location: 2F 3-2: Strikes out swinging
|
| Bottom of the 8th over - 0 runs, 1 hit, 0 errors, 1 left on base; Amarillo 20 - Portland 7 |
| TOP OF THE 9TH |
|
Amarillo ThunderHeads batting - Pitching for Portland Angels : RHP Carlos Olbera
|
|
Now at SS: Brendan Garoutte
|
|
|
Now in CF: Sean Rocha
|
|
|
Pinch Hitting: RHB Eric Juarez
|
0-0: Foul Ball, location: 2F 0-1: Hit by Pitch
|
|
Pitching: RHP Noah Pena
|
|
|
Batting: RHB Ron Squires
|
0-0: Ball 1-0: Foul Ball, location: 2F 1-1: Swinging Strike 1-2: Ball 2-2: Ball 3-2: SINGLE (Groundball, 56D, EV 105.6 MPH) Eric Juarez to second
|
|
Batting: RHB Jerry Foster
|
0-0: Fly out, F4 (Popup, 34S, EV 78.1 MPH)
|
|
Batting: RHB Elias Sagrero
|
Balk! Eric Juarez to third Ron Squires to second 0-0: Called Strike 0-1: Foul Ball, location: 2F 0-2: Ball 1-2: Foul Ball, location: 2F 1-2: Foul Ball, location: 2F 1-2: Ball Passed Ball! Eric Juarez scores Ron Squires to third 2-2: Ball 3-2: SINGLE (Flyball, 8LS, EV 95.0 MPH) - OUT at second base trying to stretch hit. Ron Squires scores
|
|
Batting: RHB Eric Camillo
|
0-0: Called Strike 0-1: Foul Ball, location: 2F 0-2: Ball 1-2: Ball 2-2: Ball 3-2: Strikes out looking
|
| Top of the 9th over - 2 runs, 2 hits, 0 errors, 0 left on base; Amarillo 22 - Portland 7 |
| BOTTOM OF THE 9TH |
|
Portland Angels batting - Pitching for Amarillo ThunderHeads : RHP Jorge Burruel
|
|
Now in LF: Eric Juarez
|
|
|
Batting: RHB Trevor Kingston
|
0-0: Called Strike 0-1: Ball 1-1: Ball 2-1: Ball 3-1: Base on Balls
|
|
Batting: RHB Aaron Bryant
|
0-0: SINGLE (Groundball, 4M, EV 102.5 MPH) (infield hit) Trevor Kingston to second
|
|
Batting: LHB Ramon Garduno
|
0-0: Called Strike 0-1: SINGLE (Line Drive, 3D, EV 94.4 MPH) Trevor Kingston to third Aaron Bryant to second
|
|
Batting: RHB Dan Myers
|
0-0: Fly out, F9 (Flyball, 89S, EV 93.1 MPH)
|
|
Batting: RHB Dan Thomey
|
0-0: Foul Ball, location: 2F 0-1: Fly out, F4 (Popup, 4, EV 76.9 MPH)
|
|
Pitching: RHP Jason McCaw
|
|
|
Batting: SHB Danny Gelinas
|
0-0: Ball 1-0: Ball 2-0: Called Strike 2-1: Foul Ball, location: 2F 2-2: Foul Ball, location: 2F 2-2: Strikes out swinging
|
| Bottom of the 9th over - 0 runs, 2 hits, 0 errors, 3 left on base; Amarillo 22 - Portland 7 |
|